| TOP OF THE 1ST |
|
Peoria Chiefs batting - Pitching for South Bend Cubs : RHP Nicolai Volnov
|
|
Pitching: RHP Nicolai Volnov
|
|
|
Batting: RHB Fortunato Fteira
|
0-0: Ball 1-0: Swinging Strike 1-1: Foul Ball, location: 2F 1-2: Ball 2-2: Ground out U3 (Groundball, 3L, EV 88.1 MPH)
|
|
Batting: RHB Joe Alley
|
0-0: Called Strike 0-1: Ball 1-1: Called Strike 1-2: Ball 2-2: Ground out 4-3 (Groundball, 4, EV 101.9 MPH)
|
|
Batting: RHB Tyler Walker
|
0-0: Ball 1-0: Ball 2-0: Fly out, F8 (Line Drive, 8RM, EV 85.6 MPH)
|
| Top of the 1st over - 0 runs, 0 hits, 0 errors, 0 left on base; Peoria 0 - South Bend 0 |
| BOTTOM OF THE 1ST |
|
South Bend Cubs batting - Pitching for Peoria Chiefs : RHP Steve Pierson
|
|
Pitching: RHP Steve Pierson
|
|
|
Batting: RHB Mike Savage
|
0-0: Called Strike 0-1: Ball 1-1: Foul Ball, location: 2F 1-2: Ball 2-2: Ball 3-2: Strikes out looking
|
|
Batting: RHB David Barnard
|
0-0: Ball 1-0: Called Strike 1-1: Called Strike 1-2: Foul Ball, location: 2F 1-2: Strikes out swinging
|
|
Batting: RHB Jose Balderrama
|
0-0: Ball 1-0: Ball 2-0: Called Strike 2-1: Fly out, F4 (Popup, 4M, EV 78.1 MPH)
|
| Bottom of the 1st over - 0 runs, 0 hits, 0 errors, 0 left on base; Peoria 0 - South Bend 0 |
| TOP OF THE 2ND |
|
Peoria Chiefs batting - Pitching for South Bend Cubs : RHP Nicolai Volnov
|
|
Batting: RHB Fekadu Alhaadi
|
0-0: Swinging Strike 0-1: Ball 1-1: Ball 2-1: Called Strike 2-2: SINGLE (Line Drive, 56D, EV 96.2 MPH)
|
|
Batting: RHB Josh Broome
|
0-0: Grounds into double play, 4-6-3 (Groundball, 4S, EV 78.8 MPH)
|
|
Batting: RHB Chris Norris
|
0-0: Foul Ball, location: 2F 0-1: Foul Ball, location: 2F 0-2: Ball 1-2: Ball 2-2: Foul Ball, location: 2F 2-2: Foul Ball, location: 2F 2-2: Strikes out swinging
|
| Top of the 2nd over - 0 runs, 1 hit, 0 errors, 0 left on base; Peoria 0 - South Bend 0 |
| BOTTOM OF THE 2ND |
|
South Bend Cubs batting - Pitching for Peoria Chiefs : RHP Steve Pierson
|
|
Batting: SHB Gabriel Cruz
|
0-0: Fly out, F7 (Line Drive, 78M, EV 93.1 MPH)
|
|
Batting: RHB Ricardo Aguinaga
|
0-0: Ball 1-0: DOUBLE (Flyball, 78D, EV 95.6 MPH)
|
|
Batting: LHB Wing-tat Tai
|
0-0: Foul Ball, location: 2F 0-1: SINGLE (Groundball, 34D, EV 104.4 MPH) Ricardo Aguinaga to third Runner from 3rd tries for Home, SAFE, throw by RF to home
|
|
Batting: LHB Mark Huey
|
0-0: Swinging Strike 0-1: Ball 1-1: Ball 2-1: Ball 3-1: Foul Ball, location: 2F 3-2: Base on Balls Wing-tat Tai to second
|
|
Batting: LHB Adam Conover
|
0-0: Called Strike 0-1: Called Strike 0-2: Ball 1-2: Ball 2-2: Ball 3-2: Foul Ball, location: 2F 3-2: Strikes out swinging
|
|
Batting: SHB Benoît Morin
|
0-0: Ball 1-0: Swinging Strike 1-1: Ball 2-1: Foul Ball, location: 2F 2-2: Foul Ball, location: 2F 2-2: Foul Ball, location: 2F 2-2: Ball 3-2: Strikes out swinging
|
| Bottom of the 2nd over - 1 run, 2 hits, 0 errors, 2 left on base; Peoria 0 - South Bend 1 |
| TOP OF THE 3RD |
|
Peoria Chiefs batting - Pitching for South Bend Cubs : RHP Nicolai Volnov
|
|
Batting: RHB Tommy Tracy
|
0-0: SINGLE (Line Drive, 78S, EV 108.1 MPH)
|
|
Batting: RHB Tim Cleary
|
0-0: Reached on error, E6 (Groundball, 6, EV 85.6 MPH) Tommy Tracy to second
|
|
Batting: RHB Brad Payne
|
0-0: Ball 1-0: Ball 2-0: Ball 3-0: Called Strike 3-1: Foul Ball, location: 2F 3-2: Foul Ball, location: 2F 3-2: Foul Ball, location: 2F 3-2: Strikes out swinging
|
|
Batting: RHB Fortunato Fteira
|
0-0: Called Strike 0-1: Ball 1-1: Ball 2-1: Foul Ball, location: 2F 2-2: Hit by Pitch Tommy Tracy to third Tim Cleary to second
|
|
Batting: RHB Joe Alley
|
0-0: Ball 1-0: Swinging Strike 1-1: Called Strike 1-2: Strikes out looking
|
|
Batting: RHB Tyler Walker
|
0-0: Ball Passed Ball! Tommy Tracy scores Tim Cleary to third Fortunato Fteira to second 1-0: Ball 2-0: Ball 3-0: Base on Balls
|
|
Batting: RHB Fekadu Alhaadi
|
0-0: Reached on error, E5 (Groundball, 5L, EV 90.6 MPH) Tim Cleary scores Fortunato Fteira to third Tyler Walker to second
|
|
Batting: RHB Josh Broome
|
0-0: DOUBLE (Line Drive, 5D, EV 100.6 MPH) Fortunato Fteira scores Tyler Walker scores Fekadu Alhaadi to third
|
|
Batting: RHB Chris Norris
|
0-0: Called Strike 0-1: Foul Ball, location: 2F 0-2: Ground out U3 (Groundball, 3L, EV 82.5 MPH)
|
| Top of the 3rd over - 4 runs, 2 hits, 2 errors, 2 left on base; Peoria 4 - South Bend 1 |
| BOTTOM OF THE 3RD |
|
South Bend Cubs batting - Pitching for Peoria Chiefs : RHP Steve Pierson
|
|
Batting: RHB Mike Savage
|
0-0: Called Strike 0-1: Ball 1-1: Ball 2-1: Fly out, F9 (Flyball, 89S, EV 85.6 MPH)
|
|
Batting: RHB David Barnard
|
0-0: Ball 1-0: Ball 2-0: Called Strike 2-1: Foul Ball, location: 2F 2-2: Strikes out swinging
|
|
Batting: RHB Jose Balderrama
|
0-0: Ball 1-0: Ball 2-0: Ball 3-0: Base on Balls
|
|
Batting: SHB Gabriel Cruz
|
0-0: Called Strike Jose Balderrama steals 2nd, throwing error, E2 Jose Balderrama to third 0-1: Foul Ball, location: 2F 0-2: Ball 1-2: DOUBLE (Flyball, 78D, EV 101.9 MPH) Jose Balderrama scores
|
|
Batting: RHB Ricardo Aguinaga
|
0-0: Called Strike 0-1: Ground out U3 (Groundball, 34S, EV 82.5 MPH)
|
| Bottom of the 3rd over - 1 run, 1 hit, 1 error, 1 left on base; Peoria 4 - South Bend 2 |
| TOP OF THE 4TH |
|
Peoria Chiefs batting - Pitching for South Bend Cubs : RHP Nicolai Volnov
|
|
Batting: RHB Tommy Tracy
|
0-0: Called Strike 0-1: Ball 1-1: Swinging Strike 1-2: Ground out 5-3 (Groundball, 56S, EV 68.1 MPH)
|
|
Batting: RHB Tim Cleary
|
0-0: Ball 1-0: Swinging Strike 1-1: Called Strike 1-2: Foul Ball, location: 2F 1-2: Ball 2-2: Foul Ball, location: 2F 2-2: Ground out 6-3 (Groundball, 4M, EV 105.0 MPH)
|
|
Batting: RHB Brad Payne
|
0-0: Called Strike 0-1: Ball 1-1: Ball 2-1: Swinging Strike 2-2: Foul Ball, location: 2F 2-2: Ball 3-2: Base on Balls
|
|
Batting: RHB Fortunato Fteira
|
0-0: Called Strike 0-1: Called Strike 0-2: Ball 1-2: Strikes out swinging
|
| Top of the 4th over - 0 runs, 0 hits, 0 errors, 1 left on base; Peoria 4 - South Bend 2 |
| BOTTOM OF THE 4TH |
|
South Bend Cubs batting - Pitching for Peoria Chiefs : RHP Steve Pierson
|
|
Batting: LHB Wing-tat Tai
|
0-0: Ball 1-0: Ground out 6-3 (Groundball, 56D, EV 89.4 MPH)
|
|
Batting: LHB Mark Huey
|
0-0: SINGLE (Groundball, 25, EV 72.5 MPH) (infield hit)
|
|
Batting: LHB Adam Conover
|
0-0: Ball 1-0: Fly out, F7 (Flyball, 7D, EV 78.8 MPH)
|
|
Batting: SHB Benoît Morin
|
0-0: Reached on error, E4 (Groundball, 34, EV 101.9 MPH) Mark Huey to second
|
|
Batting: RHB Mike Savage
|
0-0: Ball 1-0: Swinging Strike 1-1: Swinging Strike 1-2: Strikes out swinging
|
| Bottom of the 4th over - 0 runs, 1 hit, 1 error, 2 left on base; Peoria 4 - South Bend 2 |
| TOP OF THE 5TH |
|
Peoria Chiefs batting - Pitching for South Bend Cubs : RHP Nicolai Volnov
|
|
Batting: RHB Joe Alley
|
0-0: Ball 1-0: Ball 2-0: Foul Ball, location: 2F 2-1: Ball 3-1: SINGLE (Line Drive, 9S, EV 86.9 MPH)
|
|
Batting: RHB Tyler Walker
|
0-0: Ball 1-0: Fly out, F7 (Flyball, 7, EV 83.1 MPH)
|
|
Batting: RHB Fekadu Alhaadi
|
0-0: Fielders Choice at 2nd, 1-6 (Groundball, 13S, EV 65.0 MPH)
|
|
Batting: RHB Josh Broome
|
0-0: Ball 1-0: Ball 2-0: Called Strike 2-1: Swinging Strike 2-2: Foul Ball, location: 2F 2-2: Strikes out swinging
|
| Top of the 5th over - 0 runs, 1 hit, 0 errors, 1 left on base; Peoria 4 - South Bend 2 |
| BOTTOM OF THE 5TH |
|
South Bend Cubs batting - Pitching for Peoria Chiefs : RHP Steve Pierson
|
|
Batting: RHB David Barnard
|
0-0: Ball 1-0: Swinging Strike 1-1: Ground out 4-3 (Groundball, 4, EV 83.1 MPH)
|
|
Batting: RHB Jose Balderrama
|
0-0: Swinging Strike 0-1: Ball 1-1: Foul Ball, location: 2F 1-2: Foul Ball, location: 2F 1-2: Ball 2-2: Foul Ball, location: 2F 2-2: Foul Ball, location: 2F 2-2: Ball 3-2: Base on Balls
|
|
Batting: SHB Gabriel Cruz
|
0-0: Called Strike Jose Balderrama steals 2nd base 0-1: Ball 1-1: Foul Ball, location: 2F 1-2: Foul Ball, location: 2F 1-2: Foul Ball, location: 2F 1-2: Ball 2-2: Strikes out looking
|
|
Batting: RHB Ricardo Aguinaga
|
0-0: Ball 1-0: Fly out, F8 (Flyball, 8RM, EV 86.2 MPH)
|
| Bottom of the 5th over - 0 runs, 0 hits, 0 errors, 1 left on base; Peoria 4 - South Bend 2 |
| TOP OF THE 6TH |
|
Peoria Chiefs batting - Pitching for South Bend Cubs : RHP Nicolai Volnov
|
|
Pitching: RHP Jose Marrero
|
|
|
Batting: RHB Chris Norris
|
0-0: Ball 1-0: Swinging Strike 1-1: Ball 2-1: Foul Ball, location: 2F 2-2: Strikes out swinging
|
|
Batting: RHB Tommy Tracy
|
0-0: Called Strike 0-1: Ball 1-1: Called Strike 1-2: Ball 2-2: Foul Ball, location: 2F 2-2: Strikes out swinging
|
|
Batting: RHB Tim Cleary
|
0-0: Ball 1-0: Called Strike 1-1: Ball 2-1: Foul Ball, location: 2F 2-2: Ground out 4-3 (Groundball, 34, EV 101.9 MPH)
|
| Top of the 6th over - 0 runs, 0 hits, 0 errors, 0 left on base; Peoria 4 - South Bend 2 |
| BOTTOM OF THE 6TH |
|
South Bend Cubs batting - Pitching for Peoria Chiefs : RHP Steve Pierson
|
|
Pitching: RHP Ray Strehler
|
|
|
Batting: LHB Wing-tat Tai
|
0-0: Called Strike 0-1: Swinging Strike 0-2: Foul Ball, location: 2F 0-2: Strikes out swinging
|
|
Batting: LHB Mark Huey
|
0-0: Swinging Strike 0-1: Swinging Strike 0-2: Strikes out swinging
|
|
Batting: LHB Adam Conover
|
0-0: Ground out 6-3 (Groundball, 6, EV 88.8 MPH)
|
| Bottom of the 6th over - 0 runs, 0 hits, 0 errors, 0 left on base; Peoria 4 - South Bend 2 |
| TOP OF THE 7TH |
|
Peoria Chiefs batting - Pitching for South Bend Cubs : RHP Jose Marrero
|
|
Batting: RHB Brad Payne
|
0-0: Called Strike 0-1: Swinging Strike 0-2: Ball 1-2: Strikes out swinging
|
|
Batting: RHB Fortunato Fteira
|
0-0: Ball 1-0: Ball 2-0: Ball 3-0: Base on Balls
|
|
Batting: RHB Joe Alley
|
0-0: Ball 1-0: Called Strike Fortunato Fteira is caught stealing 2nd base 2-4 1-1: Ball 2-1: SOLO HOME RUN (Flyball, 7LD, EV 91.2 MPH), Distance : 346 ft
|
|
Batting: RHB Tyler Walker
|
0-0: Ball 1-0: Foul Ball, location: 2F 1-1: Ball 2-1: Ball 3-1: Called Strike 3-2: Ground out U3 (Groundball, 3S, EV 73.1 MPH)
|
| Top of the 7th over - 1 run, 1 hit, 0 errors, 0 left on base; Peoria 5 - South Bend 2 |
| BOTTOM OF THE 7TH |
|
South Bend Cubs batting - Pitching for Peoria Chiefs : RHP Ray Strehler
|
|
Batting: SHB Benoît Morin
|
0-0: Called Strike 0-1: Ground out 5-3 (Groundball, 56, EV 102.5 MPH)
|
|
Batting: RHB Mike Savage
|
0-0: Ball 1-0: Ball 2-0: Foul Ball, location: 2F 2-1: Fly out, F7 (Flyball, 7LS, EV 92.5 MPH)
|
|
Batting: RHB David Barnard
|
0-0: Ball 1-0: Ball 2-0: Foul Ball, location: 2F 2-1: Fly out, F8 (Flyball, 89M, EV 94.4 MPH)
|
| Bottom of the 7th over - 0 runs, 0 hits, 0 errors, 0 left on base; Peoria 5 - South Bend 2 |
| TOP OF THE 8TH |
|
Peoria Chiefs batting - Pitching for South Bend Cubs : RHP Jose Marrero
|
|
Pitching: RHP Jake Newman
|
|
|
Batting: RHB Fekadu Alhaadi
|
0-0: Fly out, F8 (Flyball, 8RD, EV 97.5 MPH)
|
|
Batting: RHB Josh Broome
|
0-0: Ball 1-0: Swinging Strike 1-1: Ball 2-1: Fly out, F8 (Flyball, 8LM, EV 91.9 MPH)
|
|
Batting: RHB Chris Norris
|
0-0: Called Strike 0-1: Ball 1-1: Swinging Strike 1-2: Ball 2-2: Foul Ball, location: 2F 2-2: Foul Ball, location: 2F 2-2: Foul Ball, location: 2F 2-2: Ball 3-2: Base on Balls
|
|
Batting: RHB Tommy Tracy
|
0-0: Foul Ball, location: 2F 0-1: Ball 1-1: Swinging Strike 1-2: Foul Ball, location: 2F 1-2: Ball 2-2: Strikes out swinging
|
| Top of the 8th over - 0 runs, 0 hits, 0 errors, 1 left on base; Peoria 5 - South Bend 2 |
| BOTTOM OF THE 8TH |
|
South Bend Cubs batting - Pitching for Peoria Chiefs : RHP Ray Strehler
|
|
Pitching: LHP Steve Martin
|
|
|
Batting: RHB Jose Balderrama
|
0-0: Called Strike 0-1: Ball 1-1: Swinging Strike 1-2: Ball 2-2: Foul Ball, location: 2F 2-2: Strikes out swinging
|
|
Batting: SHB Gabriel Cruz
|
0-0: Ball 1-0: Ball 2-0: Ball 3-0: Called Strike 3-1: Foul Ball, location: 2F 3-2: Foul Ball, location: 2F 3-2: Strikes out swinging
|
|
Batting: RHB Ricardo Aguinaga
|
0-0: Swinging Strike 0-1: Foul Ball, location: 2F 0-2: Ball 1-2: Ball 2-2: Foul Ball, location: 2F 2-2: Fly out, F3 (Line Drive, 34, EV 74.4 MPH)
|
| Bottom of the 8th over - 0 runs, 0 hits, 0 errors, 0 left on base; Peoria 5 - South Bend 2 |
| TOP OF THE 9TH |
|
Peoria Chiefs batting - Pitching for South Bend Cubs : RHP Jake Newman
|
|
Pitching: LHP Alex Gandarilla
|
|
|
Batting: RHB Tim Cleary
|
0-0: Ball 1-0: Ball 2-0: Called Strike 2-1: Ball 3-1: Swinging Strike 3-2: Ground out 5-3 (Groundball, 56, EV 94.4 MPH)
|
|
Batting: RHB Brad Payne
|
0-0: Ball 1-0: Ball 2-0: Swinging Strike 2-1: SINGLE (Groundball, 56, EV 93.1 MPH) (infield hit)
|
|
Batting: RHB Fortunato Fteira
|
0-0: Called Strike 0-1: Foul Ball, location: 2F 0-2: Fielders Choice at 2nd, 4-6 (Groundball, 34, EV 93.8 MPH)
|
|
Batting: RHB Joe Alley
|
0-0: Called Strike 0-1: Ball 1-1: Foul Ball, location: 2F 1-2: Foul Ball, location: 2F 1-2: Ground out 6-3 (Groundball, 6S, EV 89.4 MPH)
|
| Top of the 9th over - 0 runs, 1 hit, 0 errors, 1 left on base; Peoria 5 - South Bend 2 |
| BOTTOM OF THE 9TH |
|
South Bend Cubs batting - Pitching for Peoria Chiefs : LHP Steve Martin
|
|
Pitching: LHP John Grinter
|
|
|
Batting: LHB Wing-tat Tai
|
0-0: Swinging Strike 0-1: Swinging Strike 0-2: Ball 1-2: Ball 2-2: Strikes out looking
|
|
Pinch Hitting: RHB Brad Santanello
|
0-0: Ball 1-0: Ball 2-0: Ball 3-0: Called Strike 3-1: Foul Ball, location: 2F 3-2: SINGLE (Groundball, 6MD, EV 105.0 MPH)
|
|
Pinch Hitting: RHB Puluke Konane
|
0-0: Called Strike 0-1: Ball 1-1: Foul Ball, location: 2F 1-2: Ball 2-2: Ball 3-2: Foul Ball, location: 2F 3-2: Fly out, F8 (Flyball, 8LM, EV 83.8 MPH)
|
|
Pinch Hitting: RHB Andy Huntley
|
0-0: Fielders Choice at 2nd, 6-4 (Groundball, 6, EV 86.9 MPH)
|
| Bottom of the 9th over - 0 runs, 1 hit, 0 errors, 1 left on base; Peoria 5 - South Bend 2 |
|